 Dungeon Crawl Stone Soup version 0.19-a0-1852-gc11d922 (webtiles) character file.

17994 Naow the Severer (level 12, -5/91 HPs)
             Began as a Minotaur Berserker on Oct 11, 2016.
             Was a High Priest of Trog.
             Killed from afar by a frost giant (21 damage)
             ... with a bolt of cold
             ... in an ice cave.
             The game lasted 00:22:29 (12533 turns).

Naow the Severer (Minotaur Berserker)              Turns: 12533, Time: 00:22:29

Health: -5/91      AC: 27    Str: 21    XL:     12   Next: 23%
Magic:  0/11       EV:  5    Int:  6    God:    Trog [*****.]
Gold:   776        SH:  7    Dex: 12    Spells: 0 memorised, 11 levels left

rFire  . . .     SeeInvis .     I - +2 hand axe (flame)
rCold  . . .     Gourm    .     w - +0 plate armour
rNeg   . . .     Faith    .     N - +0 shield
rPois  +         Spirit   +     P - +1 hat
rElec  .         Dismiss  .     V - +2 cloak
rCorr  +         Reflect  .     J - +2 pair of gloves of Fortitude {rPois rCorr Int-5}
MR     ++...     Harm     .     u - +0 pair of boots
Stlth  ..........               y - amulet of guardian spirit
                                h - +3 ring of intelligence
                                K - ring of flight

@: exhausted, regenerating, slowed, very slow
A: retaliatory headbutt, horns 2
a: Berserk, Trog's Hand, Brothers in Arms, Burn Spellbooks, Renounce Religion,
Evoke Flight


You were in an ice cave.
You worshipped Trog.
Trog was extremely pleased with you.
You were hungry.

You visited 1 branch of the dungeon, and saw 12 of its levels.
You also visited: Sewer and Ice Cave.

You collected 776 gold pieces.

Inventory:

Hand Weapons
 I - a +2 hand axe of flaming (weapon)
 Q - a +1 antimagic broad axe
 Y - a +1 executioner's axe of freezing
Armour
 u - a +0 pair of boots (worn)
 w - a +0 plate armour (worn)
 J - the +2 pair of gloves of Fortitude (worn) {rPois rCorr Int-5}
   (You found it on level 6 of the Dungeon)

   It affects your intelligence (-5).
   It protects you from poison.
   It protects you from acid and corrosion.
 N - a +0 shield (worn)
 P - a +1 hat (worn)
 V - a +2 cloak (worn)
Jewellery
 h - a +3 ring of intelligence (right hand)
 r - a +3 ring of strength
 y - an amulet of guardian spirit (around neck)
 K - a ring of flight (left hand)
Wands
 b - a wand of flame (30/48)
 q - a wand of iceblast (6/15)
 z - a wand of iceblast (7/15)
 R - a wand of lightning (4/15)
Scrolls
 d - 8 scrolls of teleportation
 e - 8 scrolls of identify
 g - 2 scrolls of immolation {unknown}
 i - a scroll of fog {unknown}
 j - 4 scrolls of remove curse
 m - a scroll of magic mapping {unknown}
 p - a scroll of summoning {unknown}
 x - 3 scrolls of random uselessness {unknown}
 B - a scroll of fear {unknown}
 C - 2 scrolls of enchant armour {unknown}
 D - a scroll of blinking {unknown}
 H - 2 scrolls of noise {unknown}
 M - a scroll of amnesia {unknown}
 W - a scroll of recharging {unknown}
Potions
 k - 6 potions of curing {unknown}
 l - 8 potions of heal wounds {unknown}
 n - a potion of brilliance {unknown}
 t - 2 potions of magic {unknown}
 v - 3 potions of flight {unknown}
 A - 2 potions of lignification {unknown}
 E - 2 potions of invisibility {unknown}
 L - 2 potions of agility {unknown}
 O - a potion of beneficial mutation {unknown}
 S - a potion of cancellation {unknown}
 T - a potion of might {unknown}
Books
 a - a book of Clouds

   Spells                             Type                      Level
   a - Mephitic Cloud                 Conjuration/Poison/Air       3
   b - Conjure Flame                  Conjuration/Fire             3
   c - Poisonous Cloud                Conjuration/Poison/Air       6
   d - Freezing Cloud                 Conjuration/Ice/Air          6
   e - Ring of Flames                 Charms/Fire                  7
   Trog disapproves of the use of such an item.
 U - a book of Battle

   Spells                             Type                      Level
   a - Infusion                       Charms                       1
   b - Shroud of Golubria             Charms/Translocation         2
   c - Song of Slaying                Charms                       2
   d - Spectral Weapon                Hexes/Charms                 3
   e - Regeneration                   Charms/Necromancy            3
   Trog disapproves of the use of such an item.
 X - a book of Clouds

   Spells                             Type                      Level
   a - Mephitic Cloud                 Conjuration/Poison/Air       3
   b - Conjure Flame                  Conjuration/Fire             3
   c - Poisonous Cloud                Conjuration/Poison/Air       6
   d - Freezing Cloud                 Conjuration/Ice/Air          6
   e - Ring of Flames                 Charms/Fire                  7
   Trog disapproves of the use of such an item.
Comestibles
 c - 11 bread rations
 f - 10 meat rations
 o - 9 fruits
 s - a slice of pizza
 F - 9 beef jerkies
 G - 2 royal jellies
 Z - 15 chunks of flesh


   Skills:
 - Level 3.8 Fighting
 - Level 16.3 Axes
 + Level 16.2 Armour
 - Level 2.3 Dodging


You had 11 spell levels left.
You didn't know any spells.

Dungeon Overview and Level Annotations

Branches:
Dungeon (12/15)            Temple (0/1) D:6            Lair (0/6) D:8
    Orc (0/2) D:9

Altars:
Ashenzari
Elyvilon
Gozag
Hepliaklqana
Kikubaaqudgha
Makhleb
Nemelex Xobeh
Okawaru
Qazlal
Ru
Trog
Xom
Yredelemnul
Beogh


Innate Abilities, Weirdness & Mutations

You reflexively headbutt those who attack you in melee.
You have a pair of horns on your head.


Message History

The frost giant gestures at you while chanting.
The bolt of cold hits you!
* * * LOW HITPOINT WARNING * * *
You are too injured to fight recklessly!
You are too injured to fight recklessly!
Your shield prevents you from hitting the frost giant.
The frost giant is moderately wounded.
Your shield and plate armour prevent you from hitting the frost giant.
The frost giant is moderately wounded.
The frost giant hits you with a battleaxe of freezing.
* * * LOW HITPOINT WARNING * * *
The frost giant freezes you.
* * * LOW HITPOINT WARNING * * *
You feel a strong urge to attack something.
You feel your anger subside.
You are no longer berserk.
You are exhausted.
You feel yourself slow down. The frost giant casts a spell at you.
The bolt of cold hits you!
You die...

###≈≈≈≈≈≈≈≈≈ ##
≈≈≈≈#≈≈#
≈####≈≈≈##### #
#≈≈#≈≈≈##...###
.#
##≈≈≈≈#≈..##..##
.h.
#≈≈≈#≈≈.#####..#


YhC. ≈≈####### #..######## h.Yh# ≈## #..#...##..C##h.Y# # #######@..##.hY#
########## You could see a frost giant.

Vanquished Creatures
  Gastronok (D:9)
  A death yak (IceCv)
  An ugly thing (D:12)
  Maurice (D:11)
  3 rime drakes
  A komodo dragon (D:8)
  A hornet (D:10)
  7 polar bears (IceCv)
  A two-headed ogre (D:9)
  A wraith (D:9)
  29 yaks
  2 steam dragons
  2 vampire mosquitoes (D:11)
  7 orc warriors
  3 sky beasts
  3 ice beasts
  2 black bears (D:8)
  3 necrophages
  11 wolves (IceCv)
  5 centaurs
  4 ogres
  A big kobold (D:8)
  7 bullfrogs
  An elf skeleton (D:9)
  5 scorpions
  A troll zombie (D:9)
  6 killer bees (D:11)
  9 wights
  A howler monkey (D:4)
  5 crimson imps
  2 bullfrog zombies (D:12)
  2 quasits
  2 centaur skeletons
  2 human zombies (D:9)
  8 orc priests
  8 hounds
  3 human skeletons (D:9)
  3 jellies
  A bullfrog skeleton (D:11)
  6 iguanas
  10 worker ants
  15 orc wizards
  A hound zombie (D:5)
  A mummy (D:9)
  8 gnolls
  9 adders
  A shadow imp (D:9)
  An adder zombie (D:10)
  2 adder skeletons
  5 worms
  3 dart slugs
  9 leopard geckos
  46 orcs
  2 ball pythons
  11 bats
  6 giant cockroaches
  2 gnoll zombies (D:3)
  7 goblins
  3 hobgoblins
  19 jackals
  25 kobolds
  6 quokkas
  13 frilled lizards
  2 jackal skeletons
  A leopard gecko zombie (D:6)
  A quokka skeleton (D:4)
  2 quokka zombies (D:7)
  8 rats
  A plant (Sewer)
382 creatures vanquished.

Vanquished Creatures (others)
  4 plants
4 creatures vanquished.

Grand Total: 386 creatures vanquished

Notes
Turn   | Place    | Note
-------+----------+-------------------------------------------
     0 | D:1      | Naow the Minotaur Berserker began the quest for the Orb.
     0 | D:1      | Reached XP level 1. HP: 19/19 MP: 0/0
   264 | D:1      | Reached XP level 2. HP: 27/27 MP: 1/1
   848 | D:2      | Reached XP level 3. HP: 33/33 MP: 2/2
   939 | D:2      | Reached ** piety under Trog
   972 | D:2      | Reached skill level 5 in Axes
  1037 | D:2      | Found an iron altar of Okawaru.
  1039 | D:2      | Found a white marble altar of Elyvilon.
  1041 | D:2      | Found a stormy altar of Qazlal.
  1705 | D:3      | Reached XP level 4. HP: 28/40 MP: 3/3
  1906 | D:3      | Found a basalt altar of Yredelemnul.
  2077 | D:3      | Reached *** piety under Trog
  2492 | D:3      | Reached XP level 5. HP: 39/46 MP: 4/4
  2813 | D:4      | Found a glowing drain.
  2860 | Sewer    | Entered a sewer
  3272 | Sewer    | Reached **** piety under Trog
  3765 | D:4      | Reached XP level 6. HP: 52/52 MP: 5/5
  4148 | D:4      | Found a hazy altar of Hepliaklqana.
  4183 | D:5      | Entered Level 5 of the Dungeon
  4206 | D:5      | Noticed an ice beast
  4215 | D:5      | Killed an ice beast
  4215 | D:5      | Reached XP level 7. HP: 22/58 MP: 6/6
  4595 | D:5      | Received a gift from Trog
  4612 | D:5      | Reached skill level 10 in Axes
  5301 | D:6      | Reached XP level 8. HP: 66/66 MP: 7/7
  6107 | D:6      | Got a pair of slimy gloves
  6118 | D:6      | Identified the +2 pair of gloves of Fortitude {rPois rCorr Int-5} (You found it on level 6 of the Dungeon)
  6285 | D:6      | Found a staircase to the Ecumenical Temple.
  6414 | D:6      | Found a burning altar of Makhleb.
  6631 | D:7      | Found a sacrificial altar of Ru.
  6646 | D:7      | Reached XP level 9. HP: 65/71 MP: 8/8
  6756 | D:7      | Found a shimmering altar of Xom.
  6840 | D:7      | Reached ***** piety under Trog
  7191 | D:8      | Received a gift from Trog
  7373 | D:8      | Reached skill level 15 in Axes
  7485 | D:8      | Found a staircase to the Lair.
  7486 | D:8      | Noticed a komodo dragon
  7519 | D:8      | Killed a komodo dragon
  8316 | D:9      | Found a roughly hewn altar of Beogh.
  8316 | D:9      | Found a staircase to the Orcish Mines.
  8318 | D:9      | Reached XP level 10. HP: 78/78 MP: 9/9
  8657 | D:9      | Reached skill level 5 in Armour
  8875 | D:9      | Noticed Gastronok
  8887 | D:9      | Killed Gastronok
  8887 | D:9      | Reached skill level 10 in Armour
  8958 | D:9      | Found an ancient bone altar of Kikubaaqudgha.
  8970 | D:9      | Received a gift from Trog
  9147 | D:9      | Reached XP level 11. HP: 49/83 MP: 10/10
  9182 | D:9      | Found a shattered altar of Ashenzari.
  9182 | D:9      | Found a sparkling altar of Nemelex Xobeh.
  9357 | D:9      | Found a bloodstained altar of Trog.
  9478 | D:10     | Entered Level 10 of the Dungeon
 11077 | D:11     | Noticed Maurice
 11085 | D:11     | Found an opulent altar of Gozag.
 11097 | D:11     | Killed Maurice
 11453 | D:11     | Received a gift from Trog
 11931 | D:12     | Noticed a cyan ugly thing
 11943 | D:12     | Killed a cyan ugly thing
 11984 | D:12     | Found a frozen archway.
 11998 | IceCv    | Entered an ice cave
 12092 | IceCv    | Reached skill level 15 in Armour
 12233 | IceCv    | Reached XP level 12. HP: 91/91 MP: 11/11
 12292 | IceCv    | Noticed a death yak
 12309 | IceCv    | Killed a death yak
 12509 | IceCv    | Noticed a death yak
 12509 | IceCv    | Noticed a frost giant
 12533 | IceCv    | Killed from afar by a frost giant

Vault maps used:
D:1:      saegor_arrival_simple_e
D:2:      minitemple, minmay_misc_feat_chi
D:3:      lemuel_zombie_altar_yredelemnul
D:4:      lemuel_coloured_pillars_altar, first_bread, gup_sewer_entry_bubbles,
          kennysheep_cross_bottleneck, minmay_bisected
D:6:      lemuel_statue_altar
D:7:      overflow_temple_1_default, kennysheep_mini
D:8:      david_lair_shrubbed
D:9:      gammafunk_temple_overflow_claw, lemuel_mausoleum_altar_kikubaaqudgha,
          david_orc_5, grunt_ogre_cave, serial_bayou_pond_b, uniq_gastronok
D:11:     grunt_gozag_statues, uniq_maurice
D:12:     lab_entry_generic, portal_ice_cave_rime
Sewer:    sewer_co_scattered_pipes
IceCv:    ice_cave_caverns_03

Skill      XL: |  1  2  3  4  5  6  7  8  9 10 11 12 |
---------------+-------------------------------------+-----
Axes           | 4 5 6 8 9 11 13 16 | 16.3
Armour         | 10 15 16 | 16.2
Fighting       | |  3.8
Dodging        | |  2.3

Action                   |  1- 3 |  4- 6 |  7- 9 | 10-12 || total
-------------------------+-------+-------+-------+-------++-------
Melee: Hand axe          |   107 |   267 |   363 |   676 ||  1413
       Headbutt          |    14 |    54 |    58 |   143 ||   269
Invok: Berserk           |     2 |     5 |    12 |    13 ||    32
       Trog's Hand       |       |       |       |     4 ||     4
  Use: Scroll            |       |       |     4 |       ||     4
 Stab: Sleeping          |     1 |       |       |       ||     1
  Eat: Chunk             |     5 |     7 |    24 |    28 ||    64
       Meat ration       |       |     1 |       |       ||     1
Armor: Chain mail        |    51 |    19 |       |       ||    70
       Animal skin       |     4 |       |       |       ||     4
       Plate armour      |       |   106 |   182 |   332 ||   620
Dodge: Dodged            |    58 |    41 |    83 |    99 ||   281
Block: Buckler           |     2 |    22 |    19 |       ||    43
       Shield            |       |       |    25 |   185 ||   210
